 Dungeon Sprint DCSS version 0.19.1 (webtiles) character file.

1535 equalderp2856 the Ripper (level 8, -1/41 HPs)
             Began as a Felid Fighter on Dec 5, 2016.
             Was an Initiate of Gozag.
             Killed from afar by an oklob plant (16 damage)
             ... with a splash of acid
             ... in the Dungeon (Sprint I: "Red Sonja").
             The game lasted 00:03:56 (1318 turns).

equalderp2856 the Ripper (Felid Fighter)            Turns: 1318, Time: 00:03:56

Health: -1/41      AC: -2    Str: 13    XL:     8   Next: 55%
Magic:  9/9        EV: 28    Int: 10    God:    Gozag
Gold:   1662       SH:  0    Dex: 16    Spells: 0 memorised, 7 levels left
                                        Lives:  0   Deaths: 2

rFire  . . .     SeeInvis +       - Unarmed
rCold  . . .     Gourm    .     (armour unavailable)
rNeg   . . .     Faith    .     (shield unavailable)
rPois  .         Spirit   .     (helmet unavailable)
rElec  .         Reflect  .     (cloak unavailable)
rCorr  .         Harm     .     (gloves unavailable)
MR     +....     NoTele   +     (boots unavailable)
Stlth  ++++++....               (no amulet)
                                (no ring)
                                (no ring)

@: corroded, quick
A: no armour, no weapons or thrown items, stealth, claws 1, fangs 3, see
invisible, carnivore 3, speed 1, shaggy fur 2, slow metabolism 1, sharp paws
a: Potion Petition, Call Merchant, Bribe Branch, Renounce Religion


You were in the Dungeon.
You worshipped Gozag.
Gozag was most pleased with you.
You were not hungry.

You visited 1 branch You collected 1662 gold pieces.

Inventory:

Wands
 i - a wand of flame (15/48)
Scrolls
 h - a scroll of blinking
 j - a scroll of random uselessness {unknown}
Potions
 a - a potion of might
 c - a potion of curing
 e - a potion of haste
 f - 2 potions of magic
 g - a potion of berserk rage
Comestibles
 b - a meat ration


   Skills:
 + Level 8.3 Fighting
 + Level 11.9 Dodging
 * Level 13.5 Stealth
 + Level 15.6 Unarmed Combat


You had 7 spell levels left.
You didn't know any spells.

Dungeon Overview and Level Annotations

Branches:
Dungeon (1/1)

Altars:
Cheibriados
Dithmenos
Elyvilon
Fedhas
Gozag
Hepliaklqana
Kikubaaqudgha
Makhleb
Nemelex Xobeh
Okawaru
Qazlal
Ru
Sif Muna
Trog
Uskayaw
Vehumet
Xom
Yredelemnul
Zin
The Shining One
Jiyva
Lugonu

Shops:
D [([

Annotations:
D exclusion: oklob plant


Innate Abilities, Weirdness & Mutations

You cannot wear armour.
You are incapable of wielding weapons or throwing items.
Your paws allow you to move quietly. (Stealth)
You have sharp claws.
You have razor-sharp teeth.
You have supernaturally acute eyesight. (SInv)
You are carnivorous and can eat meat at any time.
You cover ground quickly.
You are covered in thick fur. (AC +2)
You have a slow metabolism.
Your sharp claws are effective at attacking unaware monsters.


Message History

You open the door.
Marking area around the oklob plant as unsafe for travelling.
An oklob plant comes into view.
There is an open door here.
You scratch the oklob plant but do no damage.
You claw the oklob plant, but do no damage.
You bite the oklob plant, but do no damage.
You claw the oklob plant! You claw the oklob plant.
The oklob plant is lightly damaged.
You completely miss the oklob plant.
The oklob plant is lightly damaged.
The oklob plant spits acid at you. The splash of acid hits you!
The acid corrodes you!
You are splashed with acid!
The acid burns!
You scratch the oklob plant but do no damage.
The oklob plant is lightly damaged.
The oklob plant spits acid at you. The splash of acid hits you!
You die...
Your body crumbles into a pile of gold.

###################
).#.)'..#__#..'.).#
$$
..'..#..'^.'..#)..#
$
#'#####'#__####...+
$ $
..#...#)####§§#####
$ $
###..##)#§≈≈§§#§§#
$
__##'#..'§§≈.§§§.#
$
...'..._#(≈§§§#§§#
$$$
__##_.#'##§#####@#
__###'#)#(..)###P+$
#####.####'###.###$
...'((.'..(()'.∩#
$$
####...########## $
$$ $ $ ###.###


$$$$$$$$$ #.#'#.# $ $$$$$$$$$ #.....# $$$$$$ #..[..# $$$ You could see an oklob
plant.

Vanquished Creatures
  A centaur warrior (D)
  A deep troll (D)
  2 kobold demonologists (D)
  A hornet (D)
  A slime creature (D)
  Sigmund (D)
  A yak (D)
  A floating eye (D)
  An ogre (D)
  A jelly (D)
  Ijyb (D)
  4 ballistomycetes (D)
16 creatures vanquished.

Vanquished Creatures (others)
  Sonja (D)
  A gargoyle (D)
  2 hornets (D)
  2 ballistomycete spores (D)
6 creatures vanquished.

Grand Total: 22 creatures vanquished

Notes
Turn   | Place    | Note
-------+----------+-------------------------------------------
     0 | D        | equalderp2856 the Felid Fighter began the quest for the Orb.
     0 | D        | Reached XP level 1. HP: 10/10 MP: 2/2
     2 | D        | Noticed Ijyb
    22 | D        | Killed Ijyb
    22 | D        | Reached skill level 5 in Dodging
    22 | D        | Reached skill level 6 in Unarmed Combat
    22 | D        | Reached XP level 2. HP: 6/15 MP: 3/3
   186 | D        | Noticed an ogre
   191 | D        | Killed an ogre
   191 | D        | Reached skill level 7 in Unarmed Combat
   191 | D        | Reached XP level 3. HP: 18/18 MP: 4/4
   191 | D        | Reached XP level 4. HP: 22/22 MP: 5/5
   204 | D        | Noticed Sigmund
   207 | D        | Killed Sigmund
   207 | D        | Reached skill level 5 in Fighting
   207 | D        | Reached skill level 9 in Unarmed Combat
   207 | D        | Reached XP level 5. HP: 27/27 MP: 6/6
   222 | D        | Found a burning altar of Makhleb.
   222 | D        | Found a viscous altar of Jiyva.
   222 | D        | Found a shimmering altar of Xom.
   222 | D        | Found a corrupted altar of Lugonu.
   222 | D        | Noticed a slime creature
   225 | D        | Killed a slime creature
   225 | D        | Reached skill level 11 in Unarmed Combat
   225 | D        | Gained mutation: You are covered in thick fur. (AC +2) [Felid growth]
   225 | D        | Reached XP level 6. HP: 27/31 MP: 7/7
   263 | D        | Found a deep blue altar of Sif Muna.
   265 | D        | Found a radiant altar of Vehumet.
   272 | D        | Found Zellil's Antique Weapon Emporium.
   272 | D        | Found an ancient bone altar of Kikubaaqudgha.
   272 | D        | Found a hazy altar of Hepliaklqana.
   272 | D        | Found a stormy altar of Qazlal.
   272 | D        | Found a hide-covered altar of Uskayaw.
   272 | D        | Found a blossoming altar of Fedhas.
   272 | D        | Found a bloodstained altar of Trog.
   272 | D        | Found an iron altar of Okawaru.
   272 | D        | Found a basalt altar of Yredelemnul.
   272 | D        | Found a glowing golden altar of the Shining One.
   272 | D        | Found a snail-covered altar of Cheibriados.
   272 | D        | Found a sacrificial altar of Ru.
   272 | D        | Found a glowing silver altar of Zin.
   272 | D        | Found a shadowy altar of Dithmenos.
   272 | D        | Found a white marble altar of Elyvilon.
   272 | D        | Noticed a yak
   280 | D        | Killed a yak
   280 | D        | Reached XP level 7. HP: 6/35 MP: 8/8
   281 | D        | Found an opulent altar of Gozag.
   290 | D        | Found a sparkling altar of Nemelex Xobeh.
   549 | D        | Became a worshipper of Gozag Ym Sagoz the Greedy
   602 | D        | Noticed a kobold demonologist
   603 | D        | Noticed a kobold demonologist
   605 | D        | Reached skill level 12 in Unarmed Combat
   609 | D        | Noticed a red devil
   610 | D        | Killed a kobold demonologist
   610 | D        | Reached skill level 10 in Stealth
   618 | D        | Killed a kobold demonologist
   618 | D        | Reached skill level 10 in Dodging
   618 | D        | Reached skill level 13 in Unarmed Combat
   618 | D        | Reached XP level 8. HP: 40/40 MP: 9/9
   648 | D        | Noticed a centaur warrior
   648 | D        | Noticed a centaur warrior
   655 | D        | Noticed a deep troll
   667 | D        | Killed a deep troll
   667 | D        | Reached skill level 14 in Unarmed Combat
   836 | D        | Noticed Sonja
   843 | D        | Slain by Sonja
   844 | D        | Reached XP level 7. HP: -3/36 MP: 8/8
   894 | D        | Found Bofabrinn's Armour Emporium.
   914 | D        | Found Pifyib's Armour Boutique.
   973 | D        | Slain by a centaur warrior
   974 | D        | Reached XP level 6. HP: -5/33 MP: 7/7
   983 | D        | Killed a centaur warrior
   983 | D        | Reached skill level 15 in Unarmed Combat
   983 | D        | Reached XP level 7. HP: 22/37 MP: 8/8
   983 | D        | Reached XP level 8. HP: 24/40 MP: 9/9
  1059 | D        | Killed Sonja
  1141 | D        | Killed a hornet
  1150 | D        | Killed a hornet
  1238 | D        | Killed a gargoyle
  1244 | D        | Noticed a shining eye
  1244 | D        | Noticed a shining eye
  1245 | D        | Noticed a shining eye
  1298 | D        | Noticed a hornet
  1301 | D        | Killed a hornet
  1313 | D        | Noticed an oklob plant
  1318 | D        | Killed from afar by an oklob plant

Skill      XL: |  1  2  3  4  5  6  7  8 |
---------------+-------------------------+-----
Dodging        | 5 6 7 8 11 10 | 11.9
Unarmed Combat | 6 7 9 11 15 13 14 | 15.6
Fighting       | 4 5 6 8 7 |  8.3
Stealth        | 4 6 8 13 11 12 | 13.5

Action                   |  1- 3 |  4- 6 |  7- 9 || total
-------------------------+-------+-------+-------++-------
Melee: Unarmed           |    21 |    18 |    49 ||    88
       Bite              |     3 |     1 |     4 ||     8
       Punch             |     1 |     1 |     4 ||     6
  Use: Potion            |       |       |     2 ||     2
 Stab: Sleeping          |       |     3 |     2 ||     5
  Eat: Chunk             |       |       |     6 ||     6
Armor: Skin              |       |     1 |     1 ||     2
Dodge: Dodged            |     9 |     9 |    38 ||    56
